cohdb
Replays
Latest Replays
All Replays
Popular Replays
Top Player Replays
Match Explorer
How It Works
Community
CoH3 Stats
Reddit
Sign in to upload your games and track your stats! →
Sign in with Steam
Match 46928827
Unlisted
Match 46928827
Overview
Messages
Build Orders
End
Scout Squad
Construct Weapon Support Center
M1919 Machine Gun Team
Selects Armored Battlegroup
Selects Veteran Crews
M1919 Machine Gun Team
Bazooka Squad
Mechanized Support Center
Construct Motor Pool
Selects Fast Deploy
M8 Greyhound Armored Car
Selects M31 Recovery Vehicle
Engineer Squad
Improvised Armor
M24 Chaffee Light Tank
Selects War Machine
Scout Squad
M24 Chaffee Light Tank
M1919 Machine Gun Team
M1919 Machine Gun Team
Salvage Crew
Engineer Squad
Engineer Squad
ShoulderGuyGuy
MathiasCZR01
Urge to Merge
Give ma Life 4 Pakistannn
So Predictable
sss
Steken
kuenhei126
0
0
Comments
sign in to comment!
No comments posted yet!